[Event "*** Titled Tuesday Blitz"]
[Site "Chess.com"]
[Date "2020.12.01"]
[Round "10"]
[White "aleksey1203borisovi4"]
[Black "Mambastik-Fantastic"]
[Result "1-0"]
[WhiteElo "2477"]
[BlackElo "2332"]
[TimeControl "180+1"]
[EndTime "11:55:08 PST"]
[Termination "aleksey1203borisovi4 won by resignation"]

1. g3 d5 2. Bg2 Nf6 3. d3 Bg4 4.
Nf3 Nbd7 5. O-O e6 6. c4 c6 7.
Nc3 Bc5 8. d4 Bb6 9. cxd5 exd5 10.
Bg5 O-O 11. h3 Bh5 12. a4 Re8 13. e3 a5 14. Qb3 h6 15. Bxf6 Nxf6 16. Ne5 Rb8 17.
g4 Bg6 18. Nxg6 fxg6 19. Ne2 Kh7 20. Qc3 Bc7 21. b4 Ne4 22. Qb2 Qd6 23. Rfb1 Qh2+ 24. Kf1 Rf8 25. f4 Rbe8 26. bxa5 Bxa5 27. Rd1 Ng5 28. Ra3 Nxh3 29. Qxb7 Ng5 30. Qxc6 Bb4 31. Rb3 Rb8 32. Qxd5 Nf7 33. Qc4 Bd6 34. Rxb8 Bxb8 35. Qd5 Qh4 36. Qf3 Nd6 37. Qg3 Qe7 38. Nc3 g5 39.
Nd5 gxf4 40. exf4 Nc4 41. Nxe7 1-0

[Event "*** Titled Tuesday Blitz"]
[Site "Chess.com"]
[Date "2020.12.01"]
[Round "10"]
[White "IngOscarArdila"]
[Black "Lysiak_Poltorak"]
[Result "0-1"]
[WhiteElo "2197"]
[BlackElo "2366"]
[TimeControl "180+1"]
[EndTime "11:55:09 PST"]
[Termination "Lysiak_Poltorak won by checkmate"]

1. d4 Nf6 2. c4 e6 3. Nc3 Bb4 4. Bd2 d5 5. e3 O-O 6. Nf3 c5 7. dxc5 Bxc5 8. cxd5 exd5 9. Bd3 Nc6 10. O-O Bg4 11. Be2 Re8 12. Rc1 Bb6 13. Nb5 Ne4 14.
Be1 Rc8 15. Nbd4 Qd6 16. Bc3 a6 17. g3 Bh3 18. Re1 Nxc3 19. bxc3 Nxd4 20. cxd4 Ba5 21. Rf1 Bxf1 22. Bxf1 Qa3 23. Rc2 h6 24. Ne5 Rc3 25. Rxc3 Qxc3 26. Bd3 Qe1+ 27. Qxe1 Bxe1 28. Kf1 Ba5 29.
Ke2 Bc7 30. Nf3 Bd6 31. Kd2 Rc8 32. Bb1 Bb4+ 33. Kd1 f6 34. Nh4 Kf7 35. Bg6+ Ke7 36. Nf5+ Kf8 37. h4 b5 38. h5 a5 39. f3 Ba3 40. e4 dxe4 41. fxe4 b4 42. d5 a4 43. Nd4 Bb2 44. Ne6+ Ke7 45. Nxg7 b3 46. axb3 a3 47. Nf5+ Kf8 48. Nxh6 a2 49. Nf5 a1=Q+ 50. Ke2 Rc2+ 51. Kf3 Qd1+ 52. Kf4 Rf2+ 53. Ke3 Qd2# 0-1

[Event "*** Titled Tuesday Blitz"]
[Site "Chess.com"]
[Date "2020.12.01"]
[Round "10"]
[White "cstevens1"]
[Black "PowerThinking2650"]
[Result "0-1"]
[WhiteElo "2634"]
[BlackElo "2455"]
[TimeControl "180+1"]
[EndTime "11:55:10 PST"]
[Termination "PowerThinking2650 won on time"]

1. e4 e5 2. Nf3 Nc6 3. Bb5 a6 4. Ba4 Nf6 5. d3 b5 6. Bb3 Be7 7. O-O O-O 8. Re1 d6 9. a4 Bg4 10. Be3 Nd4 11. Bxd4 exd4 12. h3 Bxf3 13. Qxf3 c5 14.
Nd2 Rb8 15. axb5 axb5 16. e5 dxe5 17. Rxe5 Bd6 18. Rf5 Qe7 19. g3 Rbc8 20. Kg2 Ne8 21. Ra6 g6 22. Rd5 Be5 23. Qe4 Qb7 24. Ra1 Bd6 25.
Qf3 Kg7 26. Ne4 Be7 27. h4 c4 28. dxc4 bxc4 29. Rxd4 cxb3 30. cxb3 Nf6 31. Rad1 Nxe4 32.
Rxe4 Bf6 33. Re3 Qxf3+ 34. Rxf3 Bxb2 35. Rd7 Bf6 36. h5 gxh5 37. Rf5 Kg6 38. Rf4 Rc5 39.
Rd6 Rf5 40. Rc4 Re8 41. f4 Re3 42. Rdc6 Rd5 0-1

[Event "*** Titled Tuesday Blitz"]
[Site "Chess.com"]
[Date "2020.12.01"]
[Round "10"]
[White "MatyChess1"]
[Black "MFBerna"]
[Result "1-0"]
[WhiteElo "2571"]
[BlackElo "2434"]
[TimeControl "180+1"]
[EndTime "11:55:11 PST"]
[Termination "MatyChess1 won by resignation"]

1. e4 c6 2. Nc3 d5 3. Nf3 Bg4 4. h3 Bxf3 5. Qxf3 e6 6. Be2 Nd7 7. O-O Ngf6 8. d4 dxe4 9. Nxe4 Be7 10. Rd1 Nxe4 11. Qxe4 Qa5 12. c4 O-O 13. a3 Nf6 14. Qe3 Rfd8 15. Bd2 Qc7 16. Bc3 Rd7 17. g3 Rad8 18.
Bf3 c5 19. dxc5 Bxc5 20. Rxd7 Qxg3+ 21. Kf1 Nxd7 22. fxg3 Bxe3 23. Bxb7 Nc5 24. Bf3 Bd4 25. Rd1 e5 26. b4 Ne6 27. Bxd4 Nxd4 28. Bd5 Kf8 29.
g4 Nc2 30. Kf2 Nxa3 31. Ra1 Nc2 32. Rxa7 Nxb4 33. Rxf7+ Ke8 34. Rxg7 Nxd5 35. Rg8+ Ke7 36. Rxd8 Kxd8 37. cxd5 Ke7 38. Kf3 Kd7 39. Ke4 Kd6 40.
h4 h6 41. h5 1-0

[Event "*** Titled Tuesday Blitz"]
[Site "Chess.com"]
[Date "2020.12.01"]
[Round "10"]
[White "vladimirdamjanovic"]
[Black "kinga2008"]
[Result "1-0"]
[WhiteElo "2453"]
[BlackElo "2205"]
[TimeControl "180+1"]
[EndTime "11:55:11 PST"]
[Termination "vladimirdamjanovic won by resignation"]

1. e4 c5 2. Nf3 Nc6 3. Nc3 g6 4.
Bc4 Bg7 5. d3 e6 6. O-O Nge7 7.
Re1 O-O 8. Bg5 h6 9. Bd2 a6 10. a4 d5 11. exd5 exd5 12. Ba2 Be6 13. Ne2 Nf5 14.
Nf4 Re8 15. Nxe6 fxe6 16. c3 e5 17. Qb3 Nfe7 18. Qc2 Kh7 19. Rab1 b5 20. b4 c4 21.
dxc4 dxc4 22. Be3 Qd3 23. Qb2 e4 24. Rbd1 Qxc3 25. Qb1 exf3 26. Bd2 Qd3 27. Qc1 Nf5 28. Bb1 Qb3 29. Bc2 Qxb4 30. Bxb4 Nxb4 31. Rxe8 Rxe8 32.
Bxf5 gxf5 33. axb5 c3 34. bxa6 c2 35. Rd7 Kh8 36. a7 Rc8 37. Rc7 Na2 38. Rxc8+ 1-0

[Event "*** Titled Tuesday Blitz"]
[Site "Chess.com"]
[Date "2020.12.01"]
[Round "10"]
[White "marciojor"]
[Black "mr65"]
[Result "1-0"]
[WhiteElo "2259"]
[BlackElo "2177"]
[TimeControl "180+1"]
[EndTime "11:55:11 PST"]
[Termination "marciojor won on time"]

1. e4 e5 2. Nf3 Nc6 3. d4 exd4 4.
Nxd4 Bb4+ 5. c3 Bc5 6. Nb3 Bb6 7. Qe2 Nge7 8. g3 O-O 9. Bg2 d5 10. O-O dxe4 11. Qxe4 Bf5 12. Qf4 Bg6 13. Na3 Nd5 14. Qd2 Nf6 15. h3 Re8 16. Qf4 Be4 17. Bd2 Bxg2 18. Kxg2 Re4 19. Qf5 Re5 20. Qf3 Qd7 21.
Nc4 Rf5 22. Nxb6 axb6 23. Qe2 Qd5+ 24. Kg1 Re5 25. Be3 Qe6 26. Kg2 Nd5 27. Rfe1 Nxe3+ 28. fxe3 Re8 29. Rad1 Rxe3 30. Qxe3 Qxe3 31. Rxe3 Rxe3 32. Kf2 Re7 33. Nd4 Nxd4 34. Rxd4 f5 35. Rd8+ Kf7 36. Rb8 Rd7 37. Ke2 c6 38. Rh8 h6 39. a3 b5 40.
Rc8 g5 41. Rh8 Kg7 42. Re8 Kf6 43. Rh8 Kg6 44. Rg8+ Rg7 45. Rb8 g4 46. h4 f4 47.
gxf4 Kh5 48. Kf2 1-0

[Event "*** Titled Tuesday Blitz"]
[Site "Chess.com"]
[Date "2020.12.01"]
[Round "10"]
[White "ApacheSVD"]
[Black "MarceloPlaya"]
[Result "1-0"]
[WhiteElo "2418"]
[BlackElo "2280"]
[TimeControl "180+1"]
[EndTime "11:55:13 PST"]
[Termination "ApacheSVD won on time"]

1. e4 e6 2. d4 d5 3. Nd2 c5 4.
exd5 exd5 5. Ngf3 Nc6 6. Bb5 Bd6 7. O-O Ne7 8. dxc5 Bxc5 9. Nb3 Bb6 10. c3 O-O 11. Nbd4 Bg4 12. h3 Bh5 13. Be3 Qd6 14. Qd2 Bc7 15. g4 Nxd4 16. Bxd4 Bg6 17. Be5 Qb6 18.
Bxc7 Qxc7 19. Bd3 Be4 20. Nd4 Ng6 21. Rae1 Rae8 22. Re3 Re7 23. Rfe1 Rfe8 24. Bb5 Rd8 25. f3 Qg3+ 26. Qg2 Qh4 27. fxe4 Nf4 28. Qf3 Qg5 29.
e5 a6 30. Bf1 Rde8 31. Nf5 Rd7 32. h4 Qg6 33. Qxf4 h6 34. h5 Qc6 35. e6 fxe6 36. Nxh6+ gxh6 37. Qxh6 Rde7 38. Bd3 e5 39.
Qxc6 bxc6 40. Bg6 Rf8 41. Rxe5 1-0

[Event "*** Titled Tuesday Blitz"]
[Site "Chess.com"]
[Date "2020.12.01"]
[Round "10"]
[White "Nikolakis2014"]
[Black "ChristopherYoo"]
[Result "0-1"]
[WhiteElo "2713"]
[BlackElo "2855"]
[TimeControl "180+1"]
[EndTime "11:55:15 PST"]
[Termination "ChristopherYoo won on time"]

1. Nf3 Nf6 2. c4 e6 3. g3 d5 4. d4 Be7 5. Bg2 O-O 6. O-O dxc4 7. Qc2 b5 8. a4 b4 9. Nfd2 Nd5 10.
Nxc4 c5 11. e4 Nb6 12. dxc5 Bxc5 13. Rd1 Qe7 14. e5 Nd5 15. Nbd2 Nc6 16. Ne4 Nd4 17. Qd3 Ba6 18. Bg5 Qc7 19. Rac1 Rac8 20. Nxc5 Qxc5 21. Qxd4 Bxc4 22. Qxc5 Rxc5 23. Bxd5 exd5 24. Be7 Ra5 25. Bxf8 Kxf8 26. b3 Bxb3 27. Rc8+ Ke7 28. Rd4 Rxa4 29. Rc7+ Ke6 30. Rf4 d4 31. Rxd4 Kxe5 32. Rg4 g6 33.
Kg2 a5 34. Re7+ Kd6 35. Ra7 Bd5+ 36. Kh3 Ra2 37. Rd4 Kc5 38. Rd1 b3 39. Rc1+ Kb4 40.
Rd7 Be6+ 0-1

[Event "*** Titled Tuesday Blitz"]
[Site "Chess.com"]
[Date "2020.12.01"]
[Round "10"]
[White "temus_galaktionov"]
[Black "2nd_life"]
[Result "1-0"]
[WhiteElo "2703"]
[BlackElo "2567"]
[TimeControl "180+1"]
[EndTime "11:55:16 PST"]
[Termination "temus_galaktionov won on time"]

1. d4 Nf6 2. Nf3 e6 3. c4 b6 4. g3 Ba6 5. b3 b5 6. c5 d6 7. cxd6 cxd6 8. Bg2 Bb7 9. O-O Be7 10. Nc3 b4 11. Na4 Nbd7 12. Bd2 a5 13. Rc1 Nb6 14. Nxb6 Qxb6 15. Qc2 O-O 16. Qc7 Bd8 17. Qxb6 Bxb6 18. Rc2 Rac8 19. Rfc1 Rxc2 20. Rxc2 Bxf3 21. Bxf3 Bxd4 22.
Rc6 d5 23. Ra6 Bc3 24. Be3 h6 25. Bc5 Rc8 26. Rxa5 g5 27. h3 Kg7 28. Kf1 h5 29.
e3 g4 30. hxg4 hxg4 31. Bg2 Kg6 32. Ke2 Kf5 33. Kd3 Ne4 34. Bxe4+ dxe4+ 35. Ke2 e5 36. Bd6 Rd8 37. Ra6 Rd7 38. Kf1 f6 39. Kg2 Kg6 40.
Rb6 Ra7 41. Bxb4 Bxb4 42. Rxb4 Rxa2 43. Rxe4 Kg5 44. Rb4 Rb2 45. Rb6 1-0

[Event "*** Titled Tuesday Blitz"]
[Site "Chess.com"]
[Date "2020.12.01"]
[Round "10"]
[White "MasterKroket"]
[Black "nitpicker"]
[Result "1-0"]
[WhiteElo "2389"]
[BlackElo "2259"]
[TimeControl "180+1"]
[EndTime "11:55:16 PST"]
[Termination "MasterKroket won on time"]

1. d4 Nf6 2. c4 e6 3. Nf3 b6 4.
a3 Ba6 5. Qc2 c6 6. b4 d5 7. Nbd2 Be7 8. e3 O-O 9. cxd5 cxd5 10.
Bxa6 Nxa6 11. Ne5 Bd6 12. Ndf3 Qc8 13. Qxc8 Raxc8 14. Bd2 Rc2 15. Rc1 Rfc8 16. Ke2 Ne4 17.
Rxc2 Rxc2 18. Rc1 Rxc1 19. Bxc1 Nb8 20. Nd3 Kf8 21. Bd2 Nxd2 22. Kxd2 f6 23. Kc3 Nd7 24. a4 e5 25. dxe5 fxe5 26. Nd2 a6 27. e4 dxe4 28. Nxe4 Ke7 29. Kc4 b5+ 30. axb5 Nb6+ 31. Kb3 axb5 32. Ne1 Nd5 33. Nc2 h6 34. h4 Ke6 35. g4 Be7 36. h5 Nf4 37. Na3 Nd3 38. Nxb5 Nxb4 39. Kc4 Nd5 40. Na7 Nf4 41. Nb5 Bh4 42. f3 Be7 43. Nc7+ Kd7 44. Nd5 Ke6 45. Nxe7 Kxe7 46. Ng3 Kf6 47. Nf5 1-0

[Event "*** Titled Tuesday Blitz"]
[Site "Chess.com"]
[Date "2020.12.01"]
[Round "10"]
[White "1977Ivan"]
[Black "bazar-wokzal"]
[Result "1-0"]
[WhiteElo "2685"]
[BlackElo "2545"]
[TimeControl "180+1"]
[EndTime "11:55:17 PST"]
[Termination "1977Ivan won by resignation"]

1. d4 Nf6 2. Nf3 e6 3. c4 Nc6 4. Nc3 Bb4 5. Qc2 d6 6. Bg5 h6 7. Bd2 O-O 8. a3 Bxc3 9. Bxc3 a5 10. g3 Qe7 11. Bg2 e5 12. d5 Nb8 13. O-O a4 14. Nh4 Re8 15. e4 g5 16. Nf3 Nbd7 17. Nd2 Nc5 18.
Rae1 g4 19. f4 gxf3 20. Nxf3 Nh7 21. Nh4 Kh8 22. Qe2 Rg8 23. Qh5 Qg5 24. Qxf7 Bd7 25. Nf3 Qg7 26. Nxe5 dxe5 27. Qxg7+ Kxg7 28. Bxe5+ Kg6 29. Bd4 Nb3 30. Bc3 Rgf8 31. e5 Bf5 32. Rf4 Bd3 33. Rh4 Ng5 34. Re3 Nc1 35. Bd2 Ne2+ 36. Kh1 Rf2 37.
Rxd3 Raf8 38. Be3 R2f5 39. e6 Re5 40. Bxg5 hxg5 41. Re4 Rff5 42. Rde3 Kf6 43. Rxe5 Rxe5 44. Rxe5 1-0

[Event "*** Titled Tuesday Blitz"]
[Site "Chess.com"]
[Date "2020.12.01"]
[Round "10"]
[White "Supernotar"]
[Black "Isajevsky_Anton"]
[Result "1-0"]
[WhiteElo "2784"]
[BlackElo "2587"]
[TimeControl "180+1"]
[EndTime "11:55:18 PST"]
[Termination "Supernotar won on time"]

1. d4 d5 2. c4 e6 3. Nf3 Nf6 4. e3 Be7 5. Nbd2 O-O 6. Bd3 c5 7. O-O Nc6 8. dxc5 Bxc5 9. a3 a5 10. b3 b6 11. Bb2 Bb7 12. Qe2 Qe7 13. Rfd1 Rfd8 14. cxd5 Rxd5 15. Bc4 Rd7 16. a4 Rad8 17. Nf1 Ne4 18. Ng3 Nxg3 19. hxg3 Rxd1+ 20. Rxd1 Rxd1+ 21. Qxd1 f6 22. Qc2 Nb4 23. Qd2 Kf7 24. Nd4 Bd5 25.
Qe2 Bxc4 26. Qxc4 Qd7 27. g4 Qd5 28. Qb5 e5 29. Nf5 g6 30. Ng3 Qd1+ 31. Kh2 Qxg4 32. Bc3 Nd5 33. Bxa5 Nxe3 34. Bxb6 Bxb6 35. Qxb6 Qh4+ 36.
Kg1 Ng4 37. Qb7+ Kg8 38. a5 Qg5 39. Qc8+ Kg7 40. a6 Qf4 41. Qc2 Qd4 42. b4 Qa1+ 43. Nf1 Qxa6 44. Qc7+ Kh6 45. f3 Nf2 46. Kxf2 1-0

[Event "*** Titled Tuesday Blitz"]
[Site "Chess.com"]
[Date "2020.12.01"]
[Round "10"]
[White "arminmusovic"]
[Black "j_coca"]
[Result "0-1"]
[WhiteElo "2505"]
[BlackElo "2399"]
[TimeControl "180+1"]
[EndTime "11:55:18 PST"]
[Termination "j_coca won by resignation"]

1. a3 f5 2. Nc3 Nf6 3. d4 g6 4. Bg5 Bg7 5. f3 O-O 6. Qd2 d5 7. Bh6 c6 8. Bxg7 Kxg7 9. h4 Nbd7 10. Nh3 e5 11. e3 e4 12. Be2 Qe7 13. O-O-O a5 14.
Rdg1 b5 15. fxe4 Nxe4 16. Nxe4 fxe4 17. h5 g5 18. h6+ Kh8 19. Rf1 b4 20. Rxf8+ Nxf8 21. a4 Ng6 22. Bh5 Nh4 23. Rf1 Bxh3 24. Rf7 Qe6 25. gxh3 Qxh6 26. Qf2 Kg8 27. Bg4 Qg6 28.
Rf6 Qg7 29. Be6+ Kh8 30. Rf7 Qg6 31. Rf8+ Kg7 32. Rxa8 Qxe6 33. Qf8+ Kg6 34. Rd8 Qxh3 35. Rd6+ Kh5 36. Qf7+ Kg4 37. b3 Qxe3+ 38. Kb1 Qe1+ 39. Ka2 Qc3 40. Qd7+ Kg3 41. Rxc6 Qxd4 42. Qc7+ Kh3 43.
Qxh7 Qf2 44. Qd7+ g4 45. Qxd5 e3 46. Re6 Qxc2+ 47. Ka1 e2 48. Qe4 Qc1+ 49. Ka2 Qa3+ 50. Kb1 Qxb3+ 51. Ka1 Qc3+ 52. Kb1 Qb3+ 53. Ka1 Qxa4+ 54.
Kb1 Qd1+ 55. Ka2 e1=Q 56. Qxe1 Qxe1 57. Rxe1 g3 58. Re3 Kh2 59. Re4 Nf3 60. Rf4 g2 61.
Rxf3 g1=Q 62. Rb3 Qg8 63. Kb2 Qxb3+ 64. Kxb3 Kg2 65. Ka4 Kf2 66. Kxa5 b3 67. Kb4 b2 68. Kc4 0-1

[Event "*** Titled Tuesday Blitz"]
[Site "Chess.com"]
[Date "2020.12.01"]
[Round "10"]
[White "Skat2704"]
[Black "Nachsueb"]
[Result "1-0"]
[WhiteElo "2338"]
[BlackElo "2196"]
[TimeControl "180+1"]
[EndTime "11:55:18 PST"]
[Termination "Skat2704 won on time"]

1. d4 Nf6 2. c4 c5 3. Nf3 g6 4. d5 e6 5. Nc3 exd5 6. cxd5 d6 7. h3 Bg7 8. e4 O-O 9. Bd3 Re8 10. O-O Na6 11.
Re1 Nc7 12. a4 Rb8 13. Bf4 Na6 14. Nd2 Nb4 15. Bb1 Nh5 16. Bh2 a6 17. Nc4 Bf8 18.
a5 Ng7 19. f4 f5 20. e5 Bd7 21. e6 Bb5 22. Nxb5 axb5 23. Ne3 Ra8 24. g4 Qf6 25. gxf5 Nxf5 26. Nxf5 gxf5 27. Qh5 Re7 28. Kh1 Rg7 29. Bxf5 Qxb2 30. Rg1 Kh8 31. Rae1 Nxd5 32. Rxg7 Qxg7 33. Rg1 Qe7 34. Bg3 Nf6 35. Qf3 Rxa5 36. Bh4 Bg7 37.
Qc3 Ra4 38. Qf3 Rd4 39. Ra1 1-0

[Event "*** Titled Tuesday Blitz"]
[Site "Chess.com"]
[Date "2020.12.01"]
[Round "10"]
[White "BillieKimbah"]
[Black "Azerichess"]
[Result "1-0"]
[WhiteElo "2878"]
[BlackElo "2958"]
[TimeControl "180+1"]
[EndTime "11:55:19 PST"]
[Termination "BillieKimbah won on time"]

1. d4 d5 2. Nf3 c5 3. c4 cxd4 4. cxd5 Qxd5 5. Nc3 Qa5 6. Nxd4 Nf6 7. a3 e5 8. Nb3 Qc7 9. Bg5 Be6 10. Bxf6 gxf6 11. Nd5 Qd8 12. e4 Nc6 13. Bc4 Bg7 14. O-O O-O 15. Qe2 f5 16. f3 Rc8 17. Rad1 Nd4 18. Nxd4 exd4 19. b3 a6 20. a4 Re8 21. Qd3 Qd6 22.
a5 Kh8 23. Kh1 Be5 24. f4 fxe4 25. fxe5 Qxd5 26. Qg3 Qd7 27. Qh4 Qe7 28. Qxe4 Bxc4 29. bxc4 Rxc4 30. Qd5 Rc5 31. Qxd4 Rxe5 32. h3 f6 33. Rb1 Rd8 34. Qb6 Rd6 35. Qxb7 Qxb7 36. Rxb7 Rxa5 37. Rc1 Rg5 38. Rc8+ Rg8 39. Rcc7 Rg6 40.
Rxh7+ Kg8 41. Rhc7 Kh8 42. Rb8+ Rg8 43. Rb4 Rg6 44. Rb2 1-0

[Event "*** Titled Tuesday Blitz"]
[Site "Chess.com"]
[Date "2020.12.01"]
[Round "10"]
[White "ftorodent"]
[Black "youngKID"]
[Result "1-0"]
[WhiteElo "2669"]
[BlackElo "2841"]
[TimeControl "180+1"]
[EndTime "11:55:19 PST"]
[Termination "ftorodent won by resignation"]

1. d4 Nf6 2. c4 g6 3. Nc3 Bg7 4. e4 d6 5. Nf3 O-O 6. Be2 Nbd7 7.
O-O e5 8. Re1 Re8 9. Bf1 c6 10.
d5 cxd5 11. cxd5 a6 12. Be3 b5 13. Nd2 Nb6 14. a4 bxa4 15. Nxa4 Nxa4 16. Rxa4 Ng4 17. Nc4 Nxe3 18. Rxe3 f5 19. Rb4 f4 20. Ra3 Bf8 21. Be2 Bd7 22. Nb6 Rb8 23. Qb3 Bb5 24. Bxb5 Qxb6 25. Rxa6 Qb7 26. Raa4 Rec8 27. Bc6 Qc7 28. h3 Be7 29. Qf3 Rxb4 30. Rxb4 Rb8 31. Rxb8+ Qxb8 32. Qg4 Qxb2 33. Qc8+ Kg7 34. Qd7 Kf7 35.
Qe8+ Kf6 36. Qh8+ Kg5 37. Qxh7 Bd8 38. Be8 Qb1+ 39. Kh2 Qxe4 40. h4+ 1-0

[Event "*** Titled Tuesday Blitz"]
[Site "Chess.com"]
[Date "2020.12.01"]
[Round "10"]
[White "LionTheLeon_06"]
[Black "GMaka"]
[Result "1-0"]
[WhiteElo "2613"]
[BlackElo "2428"]
[TimeControl "180+1"]
[EndTime "11:55:19 PST"]
[Termination "LionTheLeon_06 won by resignation"]

1. Nf3 Nf6 2. g3 g6 3. b4 Bg7 4. Bb2 O-O 5. Bg2 a5 6. b5 a4 7. c4 c6 8. bxc6 bxc6 9. O-O d5 10. cxd5 cxd5 11. a3 Nc6 12. d3 Bd7 13. Nbd2 Qa5 14. Ne5 Nxe5 15. Bxe5 Rfc8 16. Nf3 Ne8 17. Qb1 Bxe5 18.
Nxe5 Rab8 19. Qa2 Be6 20. Rfc1 d4 21. Nc4 Qa6 22. Qd2 Bxc4 23. dxc4 Rxc4 24. Bd5 Rxc1+ 25. Rxc1 e5 26. h4 Qd6 27. Qa2 Qe7 28. Rc6 Nf6 29.
Ra6 Rd8 30. Bc4 e4 31. Rxa4 e3 32. f4 d3 33. Bb3 dxe2 34. Qxe2 Rd2 35. Qe1 Qe4 36.
Rxe4 Nxe4 37. Qxe3 Rd4 38. Qxd4 Nxg3 39. Qe5 Nf5 40.
Qb8+ Kg7 41. Kf2 Kh6 42. Qb7 Nxh4 43. Qxf7 Nf5 44. Qf8+ Kh5 45. Qb4 h6 46. Ke1 Kg4 47. Bd1+ Kg3 48. Qd2 Nh4 49. a4 Kh3 50. Qe3+ Kh2 51.
Qf2+ Ng2+ 52. Kd2 Kh3 1-0

[Event "*** Titled Tuesday Blitz"]
[Site "Chess.com"]
[Date "2020.12.01"]
[Round "10"]
[White "HouseOfDurin"]
[Black "zurzan"]
[Result "0-1"]
[WhiteElo "2072"]
[BlackElo "2076"]
[TimeControl "180+1"]
[EndTime "11:55:19 PST"]
[Termination "zurzan won on time"]

1. d4 d6 2. Bg5 g6 3. h4 h6 4.
Bf4 Bg7 5. Qd2 Nc6 6. c3 e5 7. dxe5 dxe5 8. Qxd8+ Nxd8 9. Bg3 f5 10. e3 Nc6 11. Bb5 Ne7 12. Nd2 O-O 13. O-O-O a6 14.
Bc4+ Kh7 15. Ngf3 Bf6 16. Bb3 b5 17. c4 Bb7 18. cxb5 axb5 19. Kb1 Na5 20. Bc2 e4 21. Ne5 Bg7 22. Nd7 Rfc8 23. Nb3 Nc4 24. Nbc5 Bd5 25. Rxd5 Nxd5 26. Rd1 Nb4 27. Bb3 Nd3 28.
Nxd3 exd3 29. Rxd3 Nxb2 30. Rd2 Na4 31. Rd5 Nc3+ 32.
Kc2 Nxd5 33. Bxd5 Rd8 34. Bxa8 Rxa8 35. Kb3 Rd8 36. Nc5 c6 37. e4 fxe4 38. Nxe4 Rd3+ 39. Kc2 Rd4 40. f3 c5 41. Bf2 Rc4+ 42. Kb1 Bd4 43.
Be1 Be3 44. Kb2 Bd4+ 45. Kb1 Kg7 46. Nd2 Ra4 47. Nb3 Rc4 48. Nd2 Rc3 49. Ne4 Rd3 50. Kc2 Re3 0-1

[Event "*** Titled Tuesday Blitz"]
[Site "Chess.com"]
[Date "2020.12.01"]
[Round "10"]
[White "ChessWarrior7197"]
[Black "chessdjw"]
[Result "1-0"]
[WhiteElo "2962"]
[BlackElo "2649"]
[TimeControl "180+1"]
[EndTime "11:55:21 PST"]
[Termination "ChessWarrior7197 won on time"]

1. e4 c5 2. f4 d5 3. Bb5+ Nd7 4. exd5 Nf6 5. c4 a6 6. Ba4 b5 7. cxb5 Nb6 8. bxa6+ Nxa4 9. Qxa4+ Bd7 10. Qc4 Qb6 11. Nc3 Qxa6 12. Qxc5 e6 13. Qe3 Be7 14. Qe2 exd5 15.
Qxa6 Rxa6 16. Nge2 O-O 17. O-O d4 18. Nd1 Bb5 19. Re1 Bc5 20. Ng3 Nd5 21. Ne4 Ba7 22.
d3 Bxd3 23. Ndf2 Bc2 24. Bd2 h6 25. b4 Rc8 26. Rec1 d3 27. a4 Rc4 28. b5 Raxa4 29.
Nd6 Rd4 30. Kf1 Bc5 31. Nde4 Rxe4 32. Nxe4 Rxe4 33. Re1 Rc4 34. Re5 Nxf4 35. Ra8+ Kh7 36. Rc8 Ne6 37. b6 Ra4 38. b7 Ra1+ 39. Re1 Rxe1+ 40.
Kxe1 Bd6 41. g3 Bb3 42. Rc3 1-0

[Event "*** Titled Tuesday Blitz"]
[Site "Chess.com"]
[Date "2020.12.01"]
[Round "10"]
[White "orestn"]
[Black "Kotofeyca"]
[Result "0-1"]
[WhiteElo "2308"]
[BlackElo "2461"]
[TimeControl "180+1"]
[EndTime "11:55:21 PST"]
[Termination "Kotofeyca won by resignation"]

1. e4 c5 2. Nf3 d6 3. d4 cxd4 4. Nxd4 Nf6 5. Nc3 a6 6. Bg5 e6 7. Qe2 b5 8. a3 Bb7 9. g4 Be7 10.
h4 Nc6 11. O-O-O Nxd4 12. Rxd4 Qc7 13. Bg2 O-O 14. Rhd1 Rfd8 15. Kb1 Bc6 16. Bc1 Qb7 17.
g5 Nd7 18. h5 Nf8 19. f4 a5 20. Nd5 exd5 21. exd5 Be8 22. Re4 Ra7 23. Be3 Raa8 24. Bd4 Rd7 25. Re1 Qxd5 26. Rxe7 Rxe7 27. Bxd5 Rxe2 28.
Rxe2 Rc8 29. f5 Bc6 30. Bxc6 Rxc6 31. Re8 Rc4 32. c3 b4 33. axb4 axb4 34. Kc2 bxc3 35. bxc3 Ra4 36. h6 gxh6 37. gxh6 f6 38. Rd8 Kf7 39.
Rxd6 Ra5 40. Rxf6+ Ke7 41. Rb6 Rxf5 42. Kd3 Nd7 43. Rb7 Rh5 44. Bg7 Kd6 45. c4 Nc5+ 46. Ke3 Nxb7 0-1

[Event "*** Titled Tuesday Blitz"]
[Site "Chess.com"]
[Date "2020.12.01"]
[Round "10"]
[White "igorcadilhac"]
[Black "kidagent"]
[Result "1-0"]
[WhiteElo "2450"]
[BlackElo "2302"]
[TimeControl "180+1"]
[EndTime "11:55:21 PST"]
[Termination "igorcadilhac won on time"]

1. e4 c5 2. Nf3 d6 3. d4 cxd4 4.
Nxd4 Nf6 5. Nc3 a6 6. Bc4 e5 7. Nf5 g6 8. Ne3 Be6 9. Ned5 Nbd7 10. Bg5 Rc8 11. Bb3 h6 12. Bh4 Bg7 13. Nxf6+ Bxf6 14. Bxe6 fxe6 15. Bg3 Qb6 16. O-O O-O 17. Rb1 Nc5 18. Kh1 Rfd8 19. Qg4 Kg7 20. f4 exf4 21. Bxf4 Rf8 22. Ne2 Nxe4 23. Bxh6+ Kxh6 24. Qxe4 Be5 25. Qh4+ Kg7 26. Qe7+ Kg8 27. Qxe6+ Kg7 28. Qe7+ Kg8 29. b3 Qe3 30. Ng3 Qh6 31. Qe6+ Kh8 32. Qg4 Rxf1+ 33.
Rxf1 Rxc2 34. h3 Rc3 35. Ne4 Rc7 36. Qe6 Qg7 37. Qe8+ Kh7 38. Qe6 Re7 39. Ng5+ Kh6 40. Qg4 1-0

[Event "*** Titled Tuesday Blitz"]
[Site "Chess.com"]
[Date "2020.12.01"]
[Round "10"]
[White "Joel1285"]
[Black "TheKingDoctor"]
[Result "0-1"]
[WhiteElo "1826"]
[BlackElo "2060"]
[TimeControl "180+1"]
[EndTime "11:55:21 PST"]
[Termination "TheKingDoctor won on time"]

1. d4 Nf6 2. c4 g6 3. Nf3 Bg7 4.
Nc3 O-O 5. e4 d6 6. Be2 Qe8 7.
O-O e5 8. d5 a5 9. Ne1 Na6 10.
Nd3 Nd7 11. f3 f5 12. g4 fxg4 13. fxg4 Nac5 14. Be3 Nxd3 15. Qxd3 b6 16. Rxf8+ Bxf8 17. Rf1 Nc5 18. Qd2 Bd7 19. Kg2 Bg7 20. Kg3 Qe7 21.
h4 Rf8 22. Rxf8+ Qxf8 23. b3 Qf7 24. Qc1 Bf8 25. Qf1 Be7 26. Qxf7+ Kxf7 27. g5 Kg8 28.
Bxc5 bxc5 29. Bg4 Be8 30. Be6+ Kg7 31. Kg4 h6 32. Bc8 Kh7 33. Be6 Kg7 34. Bc8 Kh7 35. Be6 Kh8 36. Bc8 Kg7 37. Be6 Bd8 38. Bc8 hxg5 39.
hxg5 Be7 40. Be6 Bd8 41. Bc8 Kf7 42. Be6+ Ke7 43. Nb5 c6 44. Nc3 Bc7 0-1

[Event "*** Titled Tuesday Blitz"]
[Site "Chess.com"]
[Date "2020.12.01"]
[Round "10"]
[White "Stosk"]
[Black "Beltraxtor"]
[Result "0-1"]
[WhiteElo "2416"]
[BlackElo "2574"]
[TimeControl "180+1"]
[EndTime "11:55:22 PST"]
[Termination "Beltraxtor won by resignation"]

1. d4 Nf6 2. c4 e6 3. Nc3 Bb4 4. e3 O-O 5. Nf3 d6 6. Bd3 Nc6 7. Qc2 e5 8. O-O Bxc3 9. bxc3 Qe7 10. Ng5 h6 11. Ne4 Nxe4 12. Bxe4 f5 13. Bd5+ Kh8 14. c5 Be6 15. cxd6 cxd6 16. Bxe6 Qxe6 17. Rb1 Rf7 18. Rd1 d5 19. dxe5 Nxe5 20. Rb5 Rd8 21. Qb3 Rfd7 22. Rxb7 Nc4 23. Rxd7 Rxd7 24. Ba3 Kh7 25. Bc5 a5 26. Bd4 Qc6 27. Qc2 Qe6 28. g3 Rb7 29. Rb1 Na3 30. Rxb7 Nxc2 31. Rxg7+ Kh8 32.
Re7+ Nxd4 33. Rxe6 Nxe6 34. Kg2 Nc5 35. Kf3 Kg7 36. Kf4 Kf6 37. a3 Ne4 38. g4 Nxc3 39. gxf5 Nb5 40. a4 Nc3 41. Kg4 Nxa4 42. f3 Nc3 43. Kf4 a4 44. e4 dxe4 45. fxe4 Nxe4 46. Kxe4 a3 0-1

[Event "*** Titled Tuesday Blitz"]
[Site "Chess.com"]
[Date "2020.12.01"]
[Round "10"]
[White "Zmeeed63"]
[Black "ARTHURMOTIVATOR"]
[Result "0-1"]
[WhiteElo "2371"]
[BlackElo "2235"]
[TimeControl "180+1"]
[EndTime "11:55:22 PST"]
[Termination "ARTHURMOTIVATOR won on time"]

1. d4 Nf6 2. c4 c5 3. d5 g6 4.
Nc3 Bg7 5. Nf3 d6 6. Bg5 h6 7.
Bh4 O-O 8. e3 Nbd7 9. Be2 a6 10.
O-O b5 11. cxb5 axb5 12. Bxb5 Nb6 13. a4 Ba6 14. e4 Nfd7 15. Qe2 c4 16. Nd2 g5 17.
Bg3 Qc7 18. Bxa6 Rxa6 19. a5 Nc8 20. Nxc4 Nc5 21. Ra3 Na7 22. e5 f5 23. exf6 exf6 24.
h4 f5 25. hxg5 hxg5 26. f4 g4 27. Bf2 Bxc3 28. Rxc3 Ne4 29. Rcc1 Qf7 30. g3 Nb5 31. Rfd1 Ra7 32. Bxa7 Qxa7+ 33. Kg2 Nd4 34. Qf1 Nf3 35. Ne3 Qxe3 36. Re1 Qd2+ 37. Qe2 Qxa5 38. Ra1 Qxd5 39. Rh1 Ned2 0-1